 Dungeon Crawl Stone Soup version 0.29-a0-1014-ga8c0fae (webtiles) character file.

Game seed: 5674945060161639820

18489 Illumine the Cleaver (level 12, -4/112 HPs)
             Began as a Minotaur Monk on Aug 5, 2022.
             Was an Initiate of Gozag.
             Slain by a yak (5 damage)
             ... on level 12 of the Dungeon on Aug 8, 2022.
             The game lasted 00:19:51 (15973 turns).

Illumine the Cleaver (Minotaur Monk)               Turns: 15973, Time: 00:19:52

Health: -4/112     AC: 14    Str: 21    XL:     12   Next: 28%
Magic:  11/11      EV: 10    Int:  7    God:    Gozag
Gold:   300        SH:  0    Dex: 21    Spells: 11/11 levels left

rFire   . . .      SeeInvis .   a - +0 war axe
rCold   + . .      Faith    .   (no shield)
rNeg    + + .      Spirit   .   I - +2 chain mail {rN+}
rPois   +          Reflect  .   (helmet restricted)
rElec   .          Harm     .   (no cloak)
rCorr   +          Rampage  .   (no gloves)
Will    .....                   (no boots)
Stlth   ..........              (no amulet)
HPRegen 0.28/turn               l - ring of poison resistance
MPRegen 0.12/turn               b - ring "Fone" {rC+ rN+ rCorr Str+2 Dex+6}

@: gold aura
A: horns 2, retaliatory headbutt
a: Renounce Religion, Potion Petition, Call Merchant, Bribe Branch


You were on level 12 of the Dungeon.
You worshipped Gozag.
Gozag was aware of your devotion.
You visited 2 branches of the dungeon, and saw 14 of its levels.

You collected 2500 gold pieces.
You spent 1114 gold pieces at shops.
You paid 1086 gold pieces to Gozag.

Inventory:

Hand Weapons
 a - a +0 war axe (weapon)
 f - a +1 falchion of flaming
 w - a +1 longbow of flaming
Missiles
 j - 37 poisoned darts (quivered)
Armour
 F - a +0 buckler
 I - a +2 chain mail of positive energy (worn)
Jewellery
 b - the ring "Fone" (right hand) {rC+ rN+ rCorr Str+2 Dex+6}
   (You bought it in a shop on level 2 of the Orcish Mines)

   [ring of dexterity]

   Str:       It affects your strength (+2).
   Dex:       It affects your dexterity (+6).
   rC:        It protects you from cold.
   rN:        It protects you from negative energy.
   rCorr:     It protects you from acid and corrosion.
 k - a ring of protection from fire
 l - a ring of poison resistance (left hand)
 u - a +4 ring of evasion
 D - a ring of ice
Wands
 d - a wand of paralysis (18)
 p - a wand of flame (32)
 s - a wand of polymorph (13)
 x - a wand of light (2)
 G - a wand of digging (6)
 H - a wand of mindburst (1)
Scrolls
 e - a scroll of vulnerability
 n - a scroll of enchant armour {unknown}
 o - a scroll of fog
 r - a scroll of poison
 t - a scroll of immolation
 v - 5 scrolls of magic mapping
 y - 3 scrolls of amnesia
 E - a scroll of fear
Potions
 c - a potion of ambrosia
 g - 3 potions of heal wounds {unknown}
 h - a potion of might {unknown}
 i - a potion of cancellation {unknown}
 m - a potion of berserk rage {unknown}
 q - a potion of haste {unknown}
 z - 4 potions of flight
 A - 3 potions of brilliance {unknown}
 B - a potion of mutation {unknown}
 C - a potion of attraction {unknown}
 J - a potion of magic {unknown}
 K - a potion of lignification {unknown}
 L - a potion of resistance {unknown}


   Skills:
 + Level 12.2 Fighting
 + Level 14.6 Axes
 + Level 9.0 Ranged Weapons
 + Level 11.5 Armour
 - Level 4.0 Dodging
 - Level 1.5 Stealth
 - Level 4.0 Shields


You had 11 spell levels left.
You didn't know any spells.
Your spell library contained the following spells:

 Spells                   Type           Power      Damage    Failure   Level
 Magic Dart               Conj           0%         1d3       96%         1
 Call Imp                 Summ           0%         N/A       99%         2
 Gell's Gravitas          Tloc           0%         N/A       100%        3
 Lesser Beckoning         Tloc           0%         N/A       100%        3
 Mephitic Cloud           Conj/Pois/Air  0%         N/A       100%        3
 Ozocubu's Armour         Ice            0%         N/A       100%        3
 Teleport Other           Tloc           0%         N/A       100%        3
 Anguish                  Hex/Necr       0%         N/A       100%        4
 Enfeeble                 Hex            0%         N/A       100%        7
 Ozocubu's Refrigeration  Ice            0%         4d7       100%        7


Dungeon Overview and Level Annotations

Branches:
Dungeon (12/15)            Temple (0/1) D:7             Orc (2/2) D:10
    Elf (0/3) Orc:2
   Lair: D:8-11

Altars:
Ashenzari
Elyvilon
Fedhas
Gozag
Kikubaaqudgha
Makhleb
Nemelex Xobeh
Okawaru
Qazlal
Ru
Uskayaw
Yredelemnul
Zin
The Shining One

Shops:
D:2 (   D:9 *   Orc:1 *   Orc:2 =!


Innate Abilities, Weirdness & Mutations

You have a pair of horns on your head.
You reflexively headbutt those who attack you in melee.


Message History

You barely miss the yak. You headbutt the yak.
The yak is lightly wounded.
You hit the yak. Your headbutt misses the yak.
The yak is almost dead.
You hit the yak but do no damage. The yak barely misses you.
You furiously retaliate!
You headbutt the yak, but do no damage. The yak gores you.
* * * LOW HITPOINT WARNING * * *
You slash the yak!
You kill the yak!
You slash the yak! The yak gores you!
* * * LOW HITPOINT WARNING * * *
Unknown command.
The yak gores you.
* * * LOW HITPOINT WARNING * * *
The yak barely misses you.
You climb downwards.
Found a potion of curing.
There is a stone staircase leading up here.
Unknown command.
You barely miss the yak. You headbutt the yak!
The yak is lightly wounded.
You slash the yak! You slash the yak!
The yak is severely wounded.
You barely miss the yak. The yak gores you.
* * * LOW HITPOINT WARNING * * *
The yak barely misses you. You furiously retaliate!
You headbutt the yak, but do no damage.
Unknown command.
You slash the yak!
You kill the yak!
You hit the yak. The yak gores you!
* * * LOW HITPOINT WARNING * * *
Unknown command.
You hit the yak. You headbutt the yak, but do no damage.
The yak is severely wounded.
The yak gores you.
You die...
Your body crumbles into a pile of gold.

.#### #####
##....
.....!....
........#
###..#...#####
.............
♣...$......
♣.@# ♣.Y# ♣..#
...# ....#
##.#.# ....#
######


You could see a yak.

Vanquished Creatures
  Nessos (Orc:2)
  Erolcha (D:10)
  Erica (D:8)
  3 two-headed ogres
  An orc knight (Orc:2)
  3 cyclopes (Orc:2)
  2 orc sorcerers (Orc:2)
  A kobold demonologist (D:10)
  3 trolls
  A troll (shapeshifter) (D:9)
  7 saltlings (Orc:2)
  23 yaks
  A wyvern (D:9)
  7 humans (D:7)
  A steam dragon (D:8)
  3 vampire mosquitoes (D:10)
  An acid dragon (D:9)
  A warg (Orc:2)
  Duvessa (D:5)
  2 water moccasins
  2 ice beasts
  3 sky beasts
  5 orc warriors
  6 centaurs
  An ogre (Orc:1)
  2 phantoms
  Blork the orc (D:5)
  A kobold brigand (D:8)
  3 bullfrogs
  A gnoll sergeant (D:7)
  2 scorpions
  8 wights
  Dowan (D:5)
  11 killer bees
  A gnoll bouda (D:5)
  9 orc priests
  7 hounds
  2 jellies (D:5)
  5 iguanas
  10 orc wizards
  6 gnolls
  10 adders
  2 shadow imps (D:6)
  4 white imps
  A worm (D:2)
  3 dart slugs
  65 orcs
  13 endoplasms
  4 giant cockroaches
  4 goblins (D:1)
  11 hobgoblins
  6 jackals
  12 kobolds
  5 quokkas
  4 ball pythons
  3 bats
  2 frilled lizards (D:3)
  2 rats
  2 pillars of salt (Orc:2)
304 creatures vanquished.

Vanquished Creatures (others)
  A saltling (Orc:2)
  12 pillars of salt (Orc:2)
13 creatures vanquished.

Grand Total: 317 creatures vanquished

Notes
Turn   | Place    | Note
-------+----------+-------------------------------------------
     0 | D:1      | Illumine the Minotaur Monk began the quest for the Orb.
     0 | D:1      | Reached XP level 1. HP: 19/19 MP: 0/0
    68 | D:1      | Reached skill level 4 in Axes
    68 | D:1      | Reached XP level 2. HP: 19/27 MP: 1/1
   563 | D:1      | Found a faded altar of an unknown god.
   743 | D:1      | Reached skill level 1 in Armour
   744 | D:1      | Reached XP level 3. HP: 33/33 MP: 2/2
   841 | D:2      | Found Rytidume's Antique Weapon Emporium.
   899 | D:2      | Identified the +2 robe of the Trilobite {Harm rC+ Str+7
                  | Dex-2}
  1314 | D:2      | Reached XP level 4. HP: 28/40 MP: 3/3
  1602 | D:2      | Reached skill level 5 in Axes
  1894 | D:3      | Found a basalt altar of Yredelemnul.
  3435 | D:4      | Reached XP level 5. HP: 42/47 MP: 4/4
  3862 | D:4      | Found a burning altar of Makhleb.
  3862 | D:4      | Found a glowing silver altar of Zin.
  3863 | D:4      | Noticed an angel
  3863 | D:4      | Noticed a blizzard demon
  3895 | D:4      | Reached skill level 6 in Axes
  4049 | D:5      | Entered Level 5 of the Dungeon
  4289 | D:5      | Reached skill level 5 in Fighting
  4289 | D:5      | Reached XP level 6. HP: 51/56 MP: 5/5
  4588 | D:5      | Found a blossoming altar of Fedhas.
  4592 | D:5      | Found a stormy altar of Qazlal.
  4631 | D:5      | You fall into a shaft and drop 2 floors!
  4638 | D:7      | Noticed a water moccasin
  4649 | D:7      | Killed a water moccasin
  4705 | D:7      | Reached skill level 7 in Axes
  4777 | D:6      | Reached XP level 7. HP: 47/62 MP: 6/6
  5023 | D:6      | Reached skill level 8 in Axes
  5043 | D:6      | Reached skill level 5 in Armour
  5348 | D:5      | Noticed Duvessa
  5348 | D:5      | Noticed Dowan
  5361 | D:5      | Killed Duvessa
  5362 | D:5      | Reached XP level 8. HP: 32/71 MP: 7/7
  5370 | D:5      | Killed Dowan
  5371 | D:5      | Reached skill level 9 in Axes
  5572 | D:5      | Noticed Blork the orc
  5582 | D:5      | Killed Blork the orc
  6186 | D:5      | Found a sparkling altar of Nemelex Xobeh.
  6186 | D:5      | Found an iron altar of Okawaru.
  6196 | D:5      | Found a glowing golden altar of the Shining One.
  6211 | D:5      | Found an opulent altar of Gozag.
  6212 | D:5      | Found an ancient bone altar of Kikubaaqudgha.
  6216 | D:5      | Became a worshipper of Gozag Ym Sagoz the Greedy
  6567 | D:6      | Reached skill level 10 in Axes
  6915 | D:6      | Reached skill level 1 in Ranged Weapons
  7127 | D:7      | Found a staircase to the Ecumenical Temple.
  7179 | D:7      | Reached XP level 9. HP: 18/80 MP: 8/8
  7627 | D:7      | Upgraded the game from 0.29-a0-998-g1987434 to
                  | 0.29-a0-1014-ga8c0fae
  7687 | D:7      | Reached skill level 11 in Axes
  7757 | D:7      | Reached skill level 12 in Axes
  7767 | D:7      | HP: 4/82 [yak (5)]
  7770 | D:7      | Reached XP level 10. HP: 45/90 MP: 9/9
  8631 | D:8      | Found a white marble altar of Elyvilon.
  8644 | D:8      | Noticed Erica
  8661 | D:8      | Killed Erica
  8662 | D:8      | Reached skill level 5 in Ranged Weapons
  8662 | D:8      | Reached skill level 1 in Shields
  8760 | D:8      | Found a sacrificial altar of Ru.
  9186 | D:8      | Noticed a two-headed ogre
  9198 | D:8      | Killed a two-headed ogre
  9519 | D:8      | Found a hide-covered altar of Uskayaw.
 10341 | D:9      | Reached skill level 10 in Fighting
 10342 | D:9      | Reached skill level 13 in Axes
 10678 | D:9      | Reached XP level 11. HP: 87/100 MP: 10/10
 10824 | D:9      | Found Caij Pesk's Assorted Antiques.
 10942 | D:10     | Entered Level 10 of the Dungeon
 10960 | D:10     | Noticed Erolcha
 11365 | D:10     | Killed Erolcha
 11491 | D:10     | Found a staircase to the Orcish Mines.
 11599 | Orc:1    | Entered Level 1 of the Orcish Mines
 11599 | Orc:1    | Found Nidepp's General Store.
 11599 | Orc:1    | You fall into a shaft and drop 1 floor!
 11599 | Orc:2    | Entered Level 2 of the Orcish Mines
 11697 | Orc:1    | Noticed an orc knight
 11820 | Orc:1    | Bought a scroll of identify for 26 gold pieces
 12357 | Orc:2    | Noticed Nessos
 12380 | Orc:2    | Killed Nessos
 12381 | Orc:2    | Reached skill level 10 in Armour
 12720 | Orc:2    | Found Axabel's Jewellery Shop.
 12801 | Orc:2    | Noticed a two-headed ogre
 12810 | Orc:2    | Killed a two-headed ogre
 13906 | Orc:2    | Reached skill level 14 in Axes
 14152 | Orc:2    | Bought the ring "Fone" {rC+ rN+ rCorr Str+2 Dex+6} for 1088
                  | gold pieces
 14179 | Orc:2    | Found a staircase to the Elven Halls.
 14353 | Orc:2    | Found Ethewk's Distillery.
 14353 | Orc:2    | Noticed an orc knight
 14353 | Orc:2    | Noticed an orc sorcerer
 14353 | Orc:2    | Noticed an orc sorcerer
 14353 | Orc:2    | Noticed an orc knight
 14373 | Orc:2    | Killed an orc sorcerer
 14375 | Orc:2    | Killed an orc sorcerer
 14378 | Orc:2    | Killed an orc knight
 14706 | D:10     | Reached XP level 12. HP: 112/112 MP: 11/11
 15178 | D:10     | Found a broken altar of Ashenzari.
 15227 | D:10     | Noticed a two-headed ogre
 15239 | D:10     | Killed a two-headed ogre
 15972 | D:12     | HP: 1/112 [yak (7)]
 15973 | D:12     | Slain by a yak

Illustrated notes

Levels and vault maps discovered:
D:1:      dpeg_arrival_shrine, layout_rooms, shapermc_ecumenical_altar_acropolis
D:2:      layout_loops_ring, serial_shops, nicolae_shop_stone,
          minmay_misc_feat_pillars
D:3:      layout_basic, old_standard_altar, minmay_misc_feat_cross,
          nicolae_titane
D:4:      layout_loops_ring, grunt_temple_overflow_order_and_chaos_2
D:5:      layout_layer_cave, grunt_temple_overflow_forces_of_nature,
          chequers_temple_overflow_minitemple, uniq_duvessa, uniq_blork_the_orc
D:6:      layout_loops_cross, minmay_checkerbox
D:7:      erik_cavepeople, layout_basic, minmay_temple_entry_enclosed_plants,
          minmay_circle_x
D:8:      layout_basic, overflow_temple_1_default, elyvilon_altar_5,
          nicolae_uskayaw_suspiria, uniq_erica
D:9:      layout_gridville, serial_shops, shop
D:10:     layout_roguey, mainiacjoe_overflow_alcove_2, hiddenorc2_lemuel,
          uniq_erolcha
D:11:     layout_basic, erik_lair_dragon
D:12:     layout_long_grid, gammafunk_ghost_abyssal_escape,
          minmay_stone_trees_small, mikee_hates_you
Orc:1:    dreamdust_wu_jian_sword_trials, layout_caves,
          gammafunk_ghost_cemetery, serial_shops, shop_fountains,
          lightli_orcish_oven
Orc:2:    hellmonk_orc_salted, layout_caves, serial_shops, shop, uniq_nessos

Skill      XL: |  1  2  3  4  5  6  7  8  9 10 11 12 |
---------------+-------------------------------------+-----
Axes           | 4 5 6 7 8 10 12 13 14 | 14.6
Fighting       | 4 5 6 7 8 10 11 12 | 12.2
Armour         | 1 2 3 4 5 6 7 9 11 | 11.5
Ranged Weapons | 2 4 6 8 9 |  9.0
Dodging        | 4 |  4.0
Shields        | 4 |  4.0
Stealth        | |  1.5

Action                   |  1- 3 |  4- 6 |  7- 9 | 10-12 || total
-------------------------+-------+-------+-------+-------++-------
Melee: Hand axe          |    93 |    64 |       |       ||   157
       Headbutt          |    16 |    22 |    63 |   123 ||   224
       Punch             |     1 |     1 |     3 |     3 ||     8
       War axe           |       |    84 |   301 |   464 ||   849
 Fire: Longbow           |       |       |       |     5 ||     5
Throw: Dart              |       |       |       |    10 ||    10
Invok: Potion Petition   |       |       |     1 |     2 ||     3
Evoke: Wand              |       |       |     3 |     1 ||     4
  Use: Scroll            |       |     5 |       |     9 ||    14
       Potion            |       |       |     3 |       ||     3
 Stab: Distracted        |       |       |     1 |     3 ||     4
       Invisible         |       |       |       |     1 ||     1
Armor: Robe              |     4 |       |       |       ||     4
       Chain mail        |    44 |    68 |    40 |   135 ||   287
       Plate armour      |       |       |    95 |    22 ||   117
Dodge: Dodged            |    25 |   111 |   132 |   253 ||   521
Block: Buckler           |       |       |       |    71 ||    71

Table legend: (Time is in decaauts)
 A = Elapsed time spent in this place.
 B = Non-inter-level travel time spent in this place.
 C = Inter-level travel time spent in this place.
 D = Time resting spent in this place.
 E = Time spent auto-exploring this place.
 F = Levels seen in this place.
 G = Mean time per level.
                   A        B        C        D        E       F      G
               +--------+--------+--------+--------+--------+-----+--------+
         Total |  15978 |  15593 |    385 |   3964 |   9080 |  14 | 1141.3 |
       Dungeon |  12950 |  12616 |    334 |   2237 |   8416 |  12 | 1079.2 |
  Orcish Mines |   3028 |   2977 |     51 |   1727 |    664 |   2 | 1514.0 |
               +--------+--------+--------+--------+--------+-----+--------+

Top non-repeatable levels by time:
   Orc:2: 2560 daAuts
     D:7: 1681 daAuts
    D:10: 1636 daAuts
     D:5: 1605 daAuts
     D:8: 1404 daAuts
     D:6: 1291 daAuts
     D:9: 1211 daAuts
     D:3: 1205 daAuts
     D:4: 1085 daAuts
     D:2: 931 daAuts
     D:1: 847 daAuts
   Orc:1: 468 daAuts
    D:11: 46 daAuts
    D:12: 3 daAuts
